 Dungeon Crawl Stone Soup version 0.28.0-53-g5a82cb258f (webtiles) character file.

Game seed: 9921221909335023940

472466 buhh the Black Belt (level 24, -16/219 HPs)
             Began as an Octopode Transmuter on June 20, 2022.
             Was a High Priest of Cheibriados.
             Killed from afar by a deep elf annihilator (49 damage)
             ... with a crystal spear
             ... on level 3 of the Elven Halls.
             The game lasted 03:30:29 (92238 turns).

buhh the Black Belt (Octopode Transmuter)          Turns: 92238, Time: 03:30:29

Health: -16/219    AC: 42    Str: 32    XL:     24   Next: 38%
Magic:  17/50      EV: 24    Int: 50    God:    Cheibriados [*****.]
Gold:   3320       SH: 11    Dex: 23    Spells: 2/33 levels left

rFire   + . .      SeeInvis +     - Unarmed
rCold   + . .      Faith    .   r - +2 buckler {reflect}
rNeg    + . .      Spirit   .   n - +2 hood of the Assassin {Detection Stab+ Stlth++}
rPois   ∞          Reflect  +   y - amulet of reflection
rElec   +          Harm     .   x - ring of magical power
rCorr   +          Rampage  .   C - +4 ring of protection
Will    +....                   j - ring of Anarchy {MP+9 Str+5}
Stlth   +++++++...              o - +6 ring of intelligence
HPRegen 0.46/turn               l - ring of the Dozen Ships {rC+ Str+2 SInv}
MPRegen 0.32/turn               E - ring of resist corrosion
                                Y - ring of Compulsion {rElec AC+4 Str+2 Int+2}
                                S - +6 ring of intelligence

@: statue-form, slowed, very slow
A: slow and powerful, torment resistance 1, boosted hp, almost no armour,
amphibious, 8 rings, camouflage 1, (gelatinous body 1), (nimble swimmer 1),
tentacles, clumsy 1, fire resistance 1, sense surroundings 1
}: 3/15 runes: serpentine, barnacled, silver
a: End Transformation, Renounce Religion, Bend Time, Temporal Distortion,
Slouch, Step From Time


You were on level 3 of the Elven Halls.
You worshipped Cheibriados.
Cheibriados was extremely pleased with you.
You were a living statue of rough stone.
You visited 9 branches of the dungeon, and saw 43 of its levels.
You visited the Abyss 2 times.
You also visited: Ice Cave and Wizlab.

You collected 6599 gold pieces.
You spent 3279 gold pieces at shops.

Inventory:

Missiles
 b - 6 boomerangs of dispersal
 i - 6 curare-tipped darts
 p - 11 throwing nets {!f}
 s - 2 silver javelins
 G - 17 javelins
Armour
 n - the +2 hood of the Assassin (worn) {Detection Stab+ Stlth++}
   (You acquired it on level 1 of the Shoals)

   It allows the wearer to sense nearby creatures.
   It allows the wearer to make particularly effective stabbing attacks against
   helpless or unaware enemies with any weapon.
   Stlth:     It makes you much more stealthy.
 r - a +2 buckler of reflection (worn)
Magical Staves
 O - a staff of air
Jewellery
 d - a +6 ring of strength
 g - a +6 ring of dexterity
 j - the ring of Anarchy (on tentacle) {MP+9 Str+5}
   (You took it off a deep elf sorcerer on level 5 of the Vaults)

   [ring of magical power]

   Str:       It affects your strength (+5).
   MP:        It affects your magic capacity (+9).
 l - the ring of the Dozen Ships (on tentacle) {rC+ Str+2 SInv}
   (You found it on level 4 of the Lair of Beasts)

   [ring of see invisible]

   Str:       It affects your strength (+2).
   rC:        It protects you from cold.
   SInv:      It lets you see invisible.
 o - a +6 ring of intelligence (on tentacle)
 w - the ring of Due Proportion {Int+3 SInv}
   (You found it on level 3 of the Crypt)

   [ring of see invisible]

   Int:       It affects your intelligence (+3).
   SInv:      It lets you see invisible.
 x - a ring of magical power (left tentacle)
 y - an amulet of reflection (around mantle)
 z - the ring "Meug" {rPois Stlth+}
   (You found it on level 3 of the Crypt)

   [ring of poison resistance]

   rPois:     It protects you from poison.
   Stlth:     It makes you more stealthy.
 C - a +4 ring of protection (right tentacle)
 E - a ring of resist corrosion (on tentacle)
 S - a +6 ring of intelligence (on tentacle)
 Y - the ring of Compulsion (on tentacle) {rElec AC+4 Str+2 Int+2}
   (You found it on level 4 of the Shoals)

   [ring of protection]

   AC:        It affects your AC (+4).
   Str:       It affects your strength (+2).
   Int:       It affects your intelligence (+2).
   rElec:     It insulates you from electricity.
Wands
 e - a wand of mindburst (7)
 m - a wand of iceblast (24)
 q - a wand of flame (73)
 v - a wand of digging (8)
 D - a wand of acid (8)
 I - a wand of paralysis (16)
Scrolls
 c - a scroll of blinking {!d}
 h - a scroll of summoning
 t - 17 scrolls of teleportation {!d}
 u - 2 scrolls of silence {!r}
 F - 14 scrolls of enchant weapon
 P - 7 scrolls of magic mapping {!r!d}
 Q - 7 scrolls of fog
 R - 5 scrolls of torment
 T - 9 scrolls of immolation {!d}
 W - a scroll of fear {!r}
 X - 4 scrolls of amnesia
 Z - 6 scrolls of enchant armour
Potions
 f - 4 potions of might
 k - 4 potions of flight
 B - 3 potions of ambrosia {!q!d}
 H - a potion of invisibility {!q!d}
 J - 5 potions of magic {!q!d}
 K - 10 potions of brilliance {!q!d}
 L - 5 potions of resistance {!q!d}
 M - 6 potions of heal wounds {!q!d}
 N - 4 potions of curing {!q!d}
 U - 10 potions of mutation {!d}
 V - 4 potions of cancellation {!q!d}
Miscellaneous
 a - a box of beasts
 A - a phantom mirror


   Skills:
 - Level 15.0 Fighting
 - Level 1.7 Bows
 - Level 4.0 Throwing
 - Level 15.0 Dodging
 - Level 7.0 Stealth
 * Level 19.6 Unarmed Combat
 - Level 5.0 Spellcasting
 - Level 10.0 Translocations
 * Level 17.1 Transmutations
 - Level 8.7 Ice Magic
 * Level 17.1 Air Magic
 - Level 14.2 Earth Magic
 - Level 13.0 Invocations
 - Level 4.0 Evocations


You had 2 spell levels left.
You knew the following spells:

 Your Spells              Type           Power      Damage    Failure   Level
a - Statue Form           Tmut/Erth      70%        N/A       1%          6
b - Wereblood             Tmut           100%       N/A       0%          2
c - Manifold Assault      Tloc           85%        N/A       1%          5
d - Ice Form              Ice/Tmut       97%        N/A       1%          4
e - Ozocubu's Armour      Ice            79%        N/A       1%          3
f - Storm Form            Tmut/Air       55%        N/A       1%          7
g - Passage of Golubria   Tloc           85%        N/A       1%          4

Your spell library contained the following spells:

 Spells                   Type           Power      Damage    Failure   Level
 Beastly Appendage        Tmut           100%       N/A       0%          1
 Passwall                 Tmut/Erth      88%        N/A       0%          2
 Animate Skeleton         Necr           24%        N/A       1%          1
 Foxfire                  Conj/Fire      48%        2x1d6     1%          1
 Freeze                   Ice            100%       1d11      1%          1
 Magic Dart               Conj           48%        1d5       1%          1
 Pain                     Necr           48%        1d6       1%          1
 Shock                    Conj/Air       100%       1d9       1%          1
 Blink                    Tloc           100%       N/A       1%          2
 Corpse Rot               Necr/Air       100%       N/A       1%          2
 Ensorcelled Hibernation  Hex/Ice        100%       N/A       1%          2
 Poisonous Vapours        Pois/Air       100%       N/A       1%          2
 Searing Ray              Conj           24%        2d5       3%          2
 Sublimation of Blood     Necr           12%        N/A       3%          2
 Swiftness                Air            100%       N/A       0%          3
 Gell's Gravitas          Tloc           85%        N/A       1%          3
 Lesser Beckoning         Tloc           85%        N/A       1%          3
 Portal Projectile        Hex/Tloc       100%       N/A       1%          3
 Spider Form              Tmut/Pois      78%        N/A       1%          3
 Stone Arrow              Conj/Erth      100%       3d13      1%          3
 Teleport Other           Tloc           85%        N/A       1%          3
 Airstrike                Air            55%        N/A       1%          4
 Leda's Liquefaction      Hex/Erth       35%        N/A       1%          4
 Summon Lightning Spire   Summ/Air       78%        N/A       1%          4
 Blade Hands              Tmut           55%        N/A       1%          5
 Freezing Cloud           Conj/Ice/Air   39%        6-21      1%          5
 Lee's Rapid Deconstruct  Erth           50%        3d25*     1%          5
 Lightning Bolt           Conj/Air       39%        1d57      1%          5
 Silence                  Hex/Air        39%        N/A       1%          5
 Yara's Violent Unravell  Hex/Tmut       39%        3d16      1%          5
 Dragon Form              Tmut           55%        N/A       1%          7
 Borgnjor's Vile Clutch   Necr/Erth      35%        N/A       3%          5
 Call Canine Familiar     Summ           12%        N/A       6%          3
 Conjure Flame            Conj/Fire      12%        6-21      6%          3
 Dazzling Flash           Conj/Hex       24%        N/A       6%          3
 Inner Flame              Hex/Fire       12%        N/A       6%          3
 Tukima's Dance           Hex            12%        N/A       6%          3
 Vampiric Draining        Necr           12%        2d6       6%          3
 Metabolic Englaciation   Hex/Ice        27%        N/A       10%         5
 Conjure Ball Lightning   Conj/Air       39%        3x3d13    10%         6
 Maxwell's Capacitive Co  Air            55%        ∞         12%         8
 Iron Shot                Conj/Erth      35%        9d7       17%         6
 Anguish                  Hex/Necr       6%         N/A       21%         4
 Animate Dead             Necr           6%         N/A       21%         4
 Cause Fear               Hex            6%         N/A       21%         4
 Dispel Undead            Necr           12%        3d9       21%         4
 Flame Wave               Conj/Fire      12%        2d6       21%         4
 Fulminant Prism          Conj/Hex       6%         3d7       21%         4
 Ozocubu's Refrigeration  Ice            39%        4d12      43%         7
 Simulacrum               Ice/Necr       27%        N/A       45%         6
 Agony                    Necr           12%        N/A       50%         5
 Excruciating Wounds      Necr           6%         N/A       50%         5
 Fireball                 Conj/Fire      6%         3d5       50%         5
 Malign Gateway           Summ/Tloc      29%        N/A       91%         7
 Disjunction              Tloc           42%        N/A       91%         8
 Death Channel            Necr           6%         N/A       97%         6
 Starburst                Conj/Fire      6%         6d4       97%         6
 Necromutation            Tmut/Necr      39%        N/A       99%         8
 Summon Hydra             Summ           6%         N/A       100%        7
 Discord                  Hex            6%         N/A       100%        8
 Ignition                 Fire           6%         3d4       100%        8
 Lehudib's Crystal Spear  Conj/Erth      35%        10d9      100%        8
 Summon Horrible Things   Summ           6%         N/A       100%        8
 Dragon's Call            Summ           6%         N/A       100%        9
 Polar Vortex             Ice            39%        N/A       100%        9
 Animate Armour           Summ/Erth      Unusable   N/A       N/A         4

Dungeon Overview and Level Annotations

Branches:
Dungeon (15/15)            Temple (1/1) D:7            Lair (6/6) D:11
 Shoals (4/4) Lair:4        Snake (4/4) Lair:2        Slime (0/5) Lair:5
    Orc (2/2) D:11            Elf (3/3) Orc:2        Vaults (5/5) D:13
  Crypt (3/3) Vaults:3       Tomb (0/3) Crypt:3       IceCv (visited)
 WizLab (visited)
 Depths: D:15

Altars:
Ashenzari
Cheibriados
Dithmenos
Elyvilon
Fedhas
Gozag
Hepliaklqana
Kikubaaqudgha
Makhleb
Nemelex Xobeh
Okawaru
Qazlal
Sif Muna
Uskayaw
Vehumet
Wu Jian
Zin
The Shining One

Shops:
D:6 **   D:13 ((((   D:14 ?   Orc:1 (*   Orc:2 ???*   Snake:2 =   Snake:4 (*
Vaults:3 (   Vaults:4 (!*

Portals:
Bazaar: Elf:3

Annotations:
D:2 1 runed translucent door, exclusion: door, Crazy Yiuf
D:5 exclusion: phantom
D:8 2 transporters
D:14 Rupert
D:15 1 exclusion
Lair:3 3 runed translucent doors, exclusion: 3 doors, Brotato's ghost, journeyman DjCj
Lair:5 1 exclusion
Snake:1 exclusion: downstairs


Innate Abilities, Weirdness & Mutations

You are a living statue of rough stone.
Your actions are slow, but your melee attacks are powerful.
You are resistant to unholy torment.
Your maximum health is greatly increased.
You are immune to poison.
You cannot wear most types of armour.
You are amphibious.
You can wear up to eight rings at the same time.
Your skin changes colour to match your surroundings (Stealth+).
((Your rubbery body absorbs attacks. (AC +1, EV +1)))
((You are camouflaged when in or above water. (Stealth+)))
You have tentacles for arms and can constrict up to eight enemies at once.
You are clumsy. (Dex -2)
Your flesh is heat resistant. (rF+)
You passively map a small area around you.


Message History

You hear a shout!
The deep elf high priest says, "All sinners must die."
The deep elf high priest closely misses you.
You block the deep elf high priest's attack.
You thrash the deep elf high priest!!! You grab the deep elf high priest.
The deep elf high priest is almost dead.
You constrict the deep elf high priest!
You kill the deep elf high priest!
Cheibriados thoroughly appreciates the change of pace.
The deep elf archer gestures wildly while chanting.
The deep elf archer blinks!
The deep elf archer shoots an arrow.
The arrow hits you!
Casting: Manifold Assault (mildly dangerous; 1% risk of failure)
Confirm with . or Enter, or press ? or * to list all spells.
Space momentarily warps into an impossible shape!
You thrash the deep elf archer!!!
You kill the deep elf archer!
Cheibriados thoroughly appreciates the change of pace.
You start resting.
You sense a monster nearby.
You start resting.
A deep elf annihilator comes into view.
It is wielding a +1 long sword of protection.
The deep elf annihilator points at you and mumbles some strange words.
The crystal spear hits you!!
A deep elf annihilator is nearby!
The deep elf annihilator points at you and mumbles some strange words.
The crystal spear hits you!!!
* * * LOW HITPOINT WARNING * * *
You thrash the deep elf annihilator!!! You grab the deep elf annihilator.
The deep elf annihilator is heavily wounded.
You constrict the deep elf annihilator!
The deep elf annihilator completely misses you.
The deep elf annihilator casts a spell.
The deep elf annihilator struggles to blink free from constriction.
You completely miss the deep elf annihilator.
The deep elf annihilator is severely wounded.
You constrict the deep elf annihilator.
The deep elf annihilator casts a spell at you.
The crystal spear hits you!!!
You die...

#.#..##.##............
#.#.###.##............
#.#.###.##............
#.......##........##.#
###[######.......###..
#.......#####.......
#.#####.# #.#####.
#.##e##.#####.#####.
#.#8#).....).....##.
#..###).#####.##....
#.## ##e# #.......
#..###..# #######.
###)#..e# #. ##....#
#. ##.[e# ## ###e# #e#


You could see a deep elf annihilator.

Vanquished Creatures
  A dread lich (Vaults:5)
  Xtahua (Vaults:4)
  2 golden dragons (Vaults:5)
  Nikola (Shoals:1)
  A bone dragon (Abyss:2)
  Jory (Vaults:3)
  A spectral shard shrike (Crypt:3)
  Jorgrun (Elf:2)
  4 tentacled monstrosities (Vaults:5)
  A Hell Sentinel (Abyss:2)
  5 titans
  2 deep elf master archers (Elf:3)
  Asterion (Vaults:1)
  A deep elf blademaster (Elf:3)
  3 sphinxes
  2 quicksilver dragons (Vaults:4)
  A kraken (Shoals:2)
  5 shadow dragons
  6 storm dragons
  4 revenants
  5 fire giants
  3 tengu reavers
  A fenstrider witch (Shoals:2)
  7 nagarajas
  2 frost giants (Vaults:4)
  An azure jelly (shapeshifter) (Vaults:4)
  10 vault wardens
  6 deep elf sorcerers
  Ilsuiw (Shoals:4)
  2 strange machines (WizLab)
  3 spectral caustic shrikes (Crypt:3)
  2 curse skulls
  A deep elf elementalist (Elf:3)
  An orc warlord (D:11)
  3 very ugly things (Vaults:5)
  7 ghouls
  16 ironbound preservers
  4 war gargoyles
  15 ironbound thunderhulks
  6 stone giants
  4 deep elf demonologists
  5 vampire knights
  6 dire elephants
  5 deep elf annihilators
  A red draconian (Abyss:2)
  Nessos (D:13)
  Azrael (D:13)
  2 entropy weavers
  9 eidola
  2 crystal guardians
  4 spectral quicksilver dragons (Crypt:3)
  Snorg (D:14)
  8 deep elf death magi
  4 merfolk impalers
  3 merfolk javelineers
  4 ettins
  14 yaktaur captains
  4 deep elf high priests
  4 jiangshi
  2 great orbs of eyes
  A spectral fenstrider witch (Crypt:3)
  An ettin (shapeshifter) (Vaults:3)
  8 rakshasas (WizLab)
  30 vault guards
  3 peacekeepers
  4 spectral spriggans (Crypt:3)
  3 spriggan zombies
  22 naga warriors
  4 boulder beetles
  A fenstrider witch zombie (Crypt:1)
  8 hydras
  A salamander tyrant (Snake:2)
  8 two-headed ogres
  5 merfolk avatars
  3 catoblepae
  8 ironbound frosthearts
  12 anacondas
  8 merfolk aquamancers
  2 death yaks
  A spectral naga (Crypt:3)
  10 centaur warriors
  6 death knights
  4 deep troll earth magi
  3 deep troll shamans
  Urug (Lair:1)
  31 dancing weapons
  4 orc high priests
  7 shock serpents
  2 thrashing horrors (Abyss:2)
  3 vampire magi
  A titan zombie (Crypt:3)
  3 satyrs (Shoals:4)
  3 spectral storm dragons (Crypt:3)
  3 spectral dire elephants (Crypt:3)
  9 naga sharpshooters
  A hell knight (Vaults:5)
  20 deep elf knights
  A storm dragon zombie (Crypt:2)
  2 soul eaters
  The ghost of Valamore the Cleaver, a novice HOFi (D:6)
  6 shadow wraiths
  21 skeletal warriors
  A wretched star (Abyss:2)
  45 deep trolls
  8 flayed ghosts
  18 sea snakes
  Pikel (D:5)
  9 orc knights
  2 tengu zombies
  A wolf spider zombie (Crypt:2)
  5 bog bodies
  A bunyip skeleton (Crypt:3)
  14 deep elf archers
  15 ironbound convokers
  21 deep elf zephyrmancers
  6 phantasmal warriors
  22 harpies
  10 mana vipers
  13 lindwurms
  9 naga ritualists
  An anaconda skeleton (Crypt:1)
  8 wizards
  A broodmother zombie (Crypt:3)
  5 necromancers
  26 ugly things
  28 deep elf pyromancers
  A human zombie (Vaults:4)
  A shadow dragon skeleton (Crypt:1)
  7 orc sorcerers
  A wolf spider (shapeshifter) (Vaults:5)
  22 fauns
  A wolf spider (D:15)
  7 salamanders
  A tengu skeleton (Crypt:2)
  An eleionoma zombie (Crypt:1)
  A stone giant skeleton (Crypt:2)
  2 spectral ettins (Crypt:3)
  A cyclops (shapeshifter) (Vaults:4)
  A fire giant zombie (Vaults:4)
  7 cyclopes
  13 manticores
  A salamander (shapeshifter) (Vaults:5)
  A goliath frog skeleton (Crypt:1)
  A dire elephant zombie (Abyss:2)
  An ice statue (IceCv)
  8 merfolk sirens
  13 elephants
  Maurice (D:10)
  42 black mambas
  A rust devil (Abyss:2)
  15 vault sentinels
  2 naga zombies (Crypt:2)
  A titan simulacrum (Crypt:3)
  4 guardian serpents
  2 smoke demons (Abyss:2)
  A black mamba (shapeshifter) (Elf:3)
  18 naga magi
  6 water nymphs
  17 cane toads
  2 torpor snails
  An orange demon (Abyss:2)
  A grey draconian zombie (Crypt:3)
  An unseen horror (D:10)
  A rime drake (shapeshifter) (D:15)
  A redback zombie (Crypt:3)
  2 anaconda simulacra
  5 rime drakes
  A tormentor (Abyss:2)
  22 yaktaurs
  An ice devil (IceCv)
  18 freezing wraiths
  3 hellwings (Abyss:2)
  A minotaur skeleton (Crypt:1)
  9 komodo dragons
  An efreet (D:13)
  28 merfolk
  An ancient zyme (Abyss:2)
  3 spectral deep trolls (Crypt:1)
  2 pale draconian skeletons
  A meliai (shapeshifter) (Elf:2)
  4 entropy weaver simulacra (IceCv)
  2 spectral harpies (Crypt:3)
  2 polar bears (shapeshifter)
  2 hornets
  8 wind drakes
  4 trolls
  7 polar bears (Lair:6)
  4 raiju
  8 snapping turtles
  22 blink frogs
  A harpy skeleton (Abyss:2)
  A slime creature (shapeshifter) (Vaults:5)
  An iron dragon simulacrum (Crypt:3)
  8 dream sheep
  A centaur simulacrum (D:15)
  2 meliai zombies
  5 large abominations (Abyss:2)
  36 slime creatures
  6 flying skulls (Crypt:1)
  A fire dragon skeleton (Crypt:3)
  A satyr skeleton (Crypt:1)
  A shadow (Abyss:2)
  2 dire elephant simulacra
  14 water elementals
  A guardian serpent skeleton (Crypt:3)
  A vampire (D:11)
  2 wind drake zombies (Crypt:3)
  5 air elementals
  14 wraiths
  A ynoxinul (Abyss:2)
  A black mamba zombie (Crypt:2)
  An alligator snapping turtle simulacrum (Crypt:3)
  10 humans (D:13)
  6 wyverns
  5 basilisks
  42 yaks
  Grum (D:10)
  7 fire elementals
  A hog (shapeshifter) (Vaults:5)
  2 redbacks (Vaults:1)
  3 steam dragons
  14 vampire mosquitoes (D:12)
  43 nagas
  A death yak simulacrum (IceCv)
  Menkaure (D:7)
  5 wargs
  A harpy simulacrum (IceCv)
  A hydra simulacrum (Crypt:3)
  An acid dragon (D:13)
  14 water moccasins
  A hell hound (Abyss:2)
  2 hornet zombies
  2 sky beasts
  A water nymph skeleton (Crypt:2)
  33 orc warriors
  An ice beast (D:7)
  3 black bears
  16 starcursed masses (Abyss:2)
  4 necrophages
  3 boggarts (Vaults:1)
  7 ogres
  8 centaurs
  17 wolves
  A torpor snail zombie (Crypt:1)
  3 lemures
  A kobold brigand (D:11)
  A gnoll sergeant (D:10)
  A rime drake skeleton (Crypt:1)
  A demonspawn simulacrum (Crypt:2)
  3 scorpions
  13 bullfrogs
  6 earth elementals
  4 cane toad simulacra (IceCv)
  A draconian skeleton (Crypt:2)
  7 two-headed ogre simulacra (IceCv)
  2 wyvern skeletons
  10 killer bees
  An elephant simulacrum (IceCv)
  9 wights
  2 wolf zombies (Crypt:2)
  3 electric eels
  A quasit (Abyss:2)
  3 bullfrog skeletons
  3 centaur zombies
  3 jellies (Lair:5)
  21 orc priests
  4 hounds
  3 iguanas
  24 orc wizards
  A polar bear simulacrum (IceCv)
  6 troll simulacra (IceCv)
  7 hell rats (Lair:6)
  7 spriggan simulacra (IceCv)
  2 wolf simulacra (IceCv)
  2 small abominations (Abyss:2)
  2 howler monkey zombies
  Robin (D:4)
  3 adders
  10 gnolls
  3 naga simulacra (IceCv)
  3 shadow imps
  5 white imps (IceCv)
  6 ufetubi
  An adder zombie (D:5)
  2 worms
  2 dart slugs
  99 orcs
  4 bats
  9 endoplasms
  2 giant cockroaches (D:1)
  14 goblins
  9 hobgoblins
  11 kobolds
  A quokka (D:1)
  3 training dummies (Snake:4)
  3 ball pythons (D:1)
  5 frilled lizards
  An orc zombie (Crypt:3)
  A rat (D:2)
  2 butterflies (Abyss:2)
  A lurking horror (Abyss:2)
  2 tentacles (Shoals:2)
1862 creatures vanquished.

Vanquished Creatures (collateral kills)
  A merfolk javelineer (Shoals:4)
  2 merfolk impalers
  A merfolk avatar (Shoals:4)
  A deep elf zephyrmancer (Elf:2)
  2 fauns (Shoals:4)
  A water nymph (Shoals:2)
  A cane toad (Lair:1)
  A komodo dragon (Lair:1)
  2 wind drakes
  3 yaks (Lair:1)
  An orc warrior (D:9)
  An orc (D:9)
17 creatures vanquished.

Vanquished Creatures (others)
  A vault guard (D:13)
  2 deep elf knights
  A deep elf zephyrmancer (Elf:3)
  A faun (Shoals:2)
  A blink frog (Lair:6)
  A human (D:13)
  An orc warrior (Vaults:5)
  An orc priest (Orc:2)
  A white imp (Abyss:2)
  3 orcs
  3 bushes
  51 fungi
  A lurking horror (Abyss:2)
  346 plants
  3 tentacles (Shoals:2)
417 creatures vanquished.

Grand Total: 2296 creatures vanquished

Notes
Turn   | Place    | Note
-------+----------+-------------------------------------------
     0 | D:1      | buhh the Octopode Transmuter began the quest for the Orb.
     0 | D:1      | Reached XP level 1. HP: 13/13 MP: 3/3
   147 | D:1      | Reached XP level 2. HP: 19/19 MP: 3/5
   525 | D:1      | Reached XP level 3. HP: 25/25 MP: 4/6
   602 | D:1      | Found a faded altar of an unknown god.
  1179 | D:2      | Found a white marble altar of Elyvilon.
  1394 | D:2      | Found a runed translucent door.
  1395 | D:2      | Noticed Crazy Yiuf
  1702 | D:3      | Reached XP level 4. HP: 30/32 MP: 5/7
  1735 | D:3      | Noticed a scorpion
  1971 | D:3      | Found a radiant altar of Vehumet.
  2349 | D:3      | Reached XP level 5. HP: 38/38 MP: 8/8
  2677 | D:3      | Learned a level 2 spell: Wereblood
  2681 | D:3      | Learned a level 3 spell: Spider Form
  2825 | D:4      | Reached XP level 6. HP: 43/45 MP: 9/9
  3040 | D:4      | Noticed Robin
  3044 | D:4      | Killed Robin
  3322 | D:4      | Found a hazy altar of Hepliaklqana.
  3344 | D:4      | Reached XP level 7. HP: 43/50 MP: 6/10
  4301 | D:5      | Entered Level 5 of the Dungeon
  4488 | D:5      | Identified the +10 mace of Paper {flame, rF- rN+ Str-2
                  | Dex+8}
  5395 | D:5      | Noticed Pikel
  6049 | D:6      | Learned a level 4 spell: Ice Form
  6063 | D:6      | Noticed Valamore's ghost (novice HOFi)
  6073 | D:6      | Found Yxzaruse's Assorted Antiques.
  6262 | D:6      | Reached XP level 8. HP: 48/57 MP: 7/11
  6411 | D:6      | Found a runed translucent door.
  6496 | D:6      | Noticed a white ugly thing
  6602 | D:6      | Found Zeezeow's Assorted Antiques.
  6623 | D:6      | Bought a glass ring for 140 gold pieces
  6686 | D:6      | Found an ancient bone altar of Kikubaaqudgha.
  6702 | D:6      | Bought a scroll of identify for 56 gold pieces
  6702 | D:6      | Bought 2 scrolls labelled GOUNYE RIUROLA for 56 gold pieces
  6702 | D:6      | Bought a purple potion for 25 gold pieces
  7917 | D:7      | Noticed Menkaure
  7925 | D:7      | Killed Menkaure
  8151 | D:7      | Found a staircase to the Ecumenical Temple.
  8178 | Temple   | Entered the Ecumenical Temple
  8322 | Temple   | Became a worshipper of Cheibriados the Contemplative
  8581 | D:7      | Reached XP level 9. HP: 64/64 MP: 7/12
  9582 | D:8      | Reached * piety under Cheibriados
 10374 | D:8      | Reached skill level 4 in Unarmed Combat
 10995 | D:8      | Reached skill level 5 in Unarmed Combat
 10995 | D:8      | Reached XP level 10. HP: 72/72 MP: 5/13
 10999 | D:8      | Reached ** piety under Cheibriados
 11207 | D:8      | Noticed a tengu warrior
 11208 | D:8      | Noticed a four-headed hydra
 11209 | D:8      | Found a shadowy altar of Dithmenos.
 11209 | D:8      | Found a transporter.
 11659 | D:8      | Found a transporter.
 13647 | D:10     | Entered Level 10 of the Dungeon
 13695 | D:10     | Noticed Maurice
 13734 | D:10     | Killed Maurice
 13953 | D:10     | Noticed Grum
 14213 | D:10     | Noticed an unseen horror
 14232 | D:10     | Killed an unseen horror
 14261 | D:10     | Reached *** piety under Cheibriados
 14266 | D:10     | Reached XP level 11. HP: 80/80 MP: 9/16
 14283 | D:10     | Killed Grum
 15109 | D:11     | Found a staircase to the Orcish Mines.
 15387 | D:11     | Found a staircase to the Lair.
 15396 | D:11     | Noticed a cyclops
 15403 | Lair:1   | Entered Level 1 of the Lair of Beasts
 15644 | Lair:1   | Noticed Urug
 16069 | Lair:1   | Reached skill level 6 in Unarmed Combat
 16104 | Lair:1   | Reached **** piety under Cheibriados
 16148 | Lair:1   | Gained mutation: Your magical capacity is low. (-10% MP)
                  | [potion of mutation]
 16148 | Lair:1   | Gained mutation: You are weak. (Str -2) [potion of
                  | mutation]
 16148 | Lair:1   | Lost mutation: Your magical capacity is low. (-10% MP)
                  | [potion of mutation]
 16148 | Lair:1   | Gained mutation: You are robust. (+10% HP) [potion of
                  | mutation]
 16683 | Lair:1   | Reached skill level 7 in Unarmed Combat
 17582 | Lair:2   | Found a staircase to the Snake Pit.
 17657 | Lair:2   | Reached XP level 12. HP: 95/95 MP: 11/18
 18242 | Lair:2   | Reached skill level 8 in Unarmed Combat
 18694 | Lair:2   | Noticed a four-headed hydra
 18706 | Lair:2   | Killed a four-headed hydra
 19454 | Lair:3   | Reached ***** piety under Cheibriados
 19605 | Lair:1   | Killed Urug
 19875 | Lair:1   | Learned a level 3 spell: Ozocubu's Armour
 20186 | D:11     | Noticed a two-headed ogre
 20194 | D:11     | Killed a two-headed ogre
 20773 | D:6      | Killed Valamore's ghost
 21041 | D:6      | Reached skill level 9 in Unarmed Combat
 21165 | D:5      | Killed Pikel
 21385 | D:6      | Bought a short copper wand for 92 gold pieces
 21385 | D:6      | Bought a wand of paralysis (4) for 46 gold pieces
 21385 | D:6      | Bought a metallic yellow potion for 20 gold pieces
 21385 | D:6      | Bought a scroll labelled QOFUDOITZO for 23 gold pieces
 21390 | D:6      | Identified a scroll of acquirement
 21390 | D:6      | Acquired a +6 ring of intelligence
 21585 | Lair:3   | Noticed a death yak
 21751 | Lair:3   | Reached XP level 13. HP: 50/101 MP: 15/19
 22340 | Lair:3   | Reached skill level 11 in Transmutations
 22497 | Lair:3   | Found a runed translucent gate.
 22499 | Lair:3   | Found a runed translucent gate.
 22499 | Lair:3   | Found a runed translucent gate.
 22501 | Lair:3   | Noticed Brotato's ghost (journeyman DjCj)
 23518 | Lair:4   | Identified the ring of the Dozen Ships {rC+ Str+2 SInv}
 23621 | Lair:4   | Reached skill level 10 in Unarmed Combat
 26197 | Lair:5   | Found a frozen archway.
 26204 | IceCv    | Entered an ice cave
 26473 | IceCv    | Found the +4 skin of Zhor {*Englaciate rC+++ SInv}
 27070 | IceCv    | Reached XP level 14. HP: 108/108 MP: 15/20
 27099 | IceCv    | Reached skill level 11 in Unarmed Combat
 27105 | IceCv    | Reached skill level 11 in Dodging
 27342 | IceCv    | Reached ****** piety under Cheibriados
 27352 | IceCv    | HP: 6/129 [anaconda simulacrum (5)]
 27352 | IceCv    | HP: 1/129 [constriction (2)]
 27359 | IceCv    | HP: 6/129 [bog body (3)]
 28212 | IceCv    | Got Sif Muna's Guide on Sinister Secrets
 28216 | IceCv    | Got Sif Muna's Grimoire of the Snowflakes
 28220 | IceCv    | Identified the +6 shortbow of Slow Death {vorpal, rC++
                  | Will++ SInv}
 29307 | Lair:5   | Found a staircase to the Slime Pits.
 30099 | Lair:6   | Entered Level 6 of the Lair of Beasts
 31539 | D:12     | You fall into a shaft and drop 2 floors!
 31549 | D:14     | Noticed Snorg
 31567 | D:15     | Entered Level 15 of the Dungeon
 31822 | D:14     | Found Zadodist's Magic Scroll Shoppe.
 31827 | D:14     | Bought a scroll of identify for 26 gold pieces
 31827 | D:14     | Bought a scroll of identify for 26 gold pieces
 31827 | D:14     | Bought a scroll of identify for 26 gold pieces
 31827 | D:14     | Bought a scroll of identify for 26 gold pieces
 31827 | D:14     | Bought a scroll of identify for 26 gold pieces
 31827 | D:14     | Bought a scroll of teleportation for 39 gold pieces
 31827 | D:14     | Bought a scroll of teleportation for 39 gold pieces
 31832 | D:14     | Bought a scroll of identify for 26 gold pieces
 32107 | D:13     | Found Egyiq's Antique Weapon Shoppe.
 33562 | D:12     | Reached skill level 11 in Invocations
 33896 | D:13     | Found Nuolem's Weapon Shoppe.
 33942 | D:13     | Noticed Nessos
 33945 | D:13     | Killed Nessos
 34082 | D:13     | Noticed Azrael
 34102 | D:13     | Killed Azrael
 34384 | D:13     | Found Ime Uqo's Antique Weapon Shop.
 34827 | Orc:1    | Entered Level 1 of the Orcish Mines
 34827 | Orc:1    | Noticed an orc warlord
 34839 | Orc:1    | Reached XP level 15. HP: 109/113 MP: 21/24
 34841 | Orc:1    | Found Cociaw's Weapon Boutique.
 35234 | D:13     | Found Zoyczoy's Antique Weapon Shop.
 35415 | D:13     | Found a gate to the Vaults.
 35602 | D:14     | Killed Snorg
 36245 | D:14     | Noticed Rupert
 36252 | D:14     | Paralysed by Rupert for 3 turns
 38465 | Lair:3   | Learned a level 5 spell: Blade Hands
 38660 | Snake:1  | Entered Level 1 of the Snake Pit
 38663 | Snake:1  | Reached skill level 15 in Transmutations
 39907 | Snake:1  | Noticed a nagaraja
 40001 | D:11     | Killed an orc warlord
 40682 | Orc:1    | Found Gaosiklu's Gadget Gallery.
 40738 | Orc:1    | Bought a wand of iceblast (3) for 105 gold pieces
 40738 | Orc:1    | Bought a wand of iceblast (5) for 135 gold pieces
 40883 | Orc:2    | Entered Level 2 of the Orcish Mines
 41412 | Orc:2    | Found a staircase to the Elven Halls.
 42106 | Orc:2    | Found Plog's General Store.
 42106 | Orc:2    | Found Foicazan's Magic Scroll Shop.
 42280 | Orc:2    | Found Neripp's Magic Scroll Shop.
 42280 | Orc:2    | Found Tuvosied's Magic Scroll Shoppe.
 42286 | Orc:2    | Bought a scroll of blinking for 97 gold pieces
 42286 | Orc:2    | Bought a scroll of magic mapping for 45 gold pieces
 42288 | Orc:2    | Bought a scroll of teleportation for 39 gold pieces
 42288 | Orc:2    | Bought a scroll of teleportation for 39 gold pieces
 42288 | Orc:2    | Bought a scroll of magic mapping for 45 gold pieces
 42289 | Orc:2    | Bought a scroll of fear for 38 gold pieces
 42289 | Orc:2    | Bought a scroll of teleportation for 33 gold pieces
 42289 | Orc:2    | Bought a scroll of teleportation for 33 gold pieces
 42291 | Orc:2    | Bought a potion of curing for 39 gold pieces
 42291 | Orc:2    | Bought 2 atropa-tipped darts for 15 gold pieces
 42291 | Orc:2    | Bought 2 atropa-tipped darts for 15 gold pieces
 42339 | Orc:2    | Bought a scroll of enchant armour for 97 gold pieces
 42339 | Orc:2    | Bought a scroll of enchant armour for 97 gold pieces
 42340 | Orc:2    | Bought a scroll of immolation for 38 gold pieces
 42341 | Orc:2    | Bought a scroll of immolation for 45 gold pieces
 42659 | D:14     | Reached XP level 16. HP: 119/119 MP: 25/25
 43692 | D:15     | Learned a level 4 spell: Passage of Golubria
 44474 | D:15     | Found a radiant altar of Vehumet.
 48513 | Snake:1  | Killed a nagaraja
 49775 | Snake:2  | Reached skill level 11 in Fighting
 50127 | Snake:2  | Noticed a nagaraja
 50139 | Snake:2  | Killed a nagaraja
 52020 | Snake:2  | Found Xouklobrao's Jewellery Emporium.
 52446 | Snake:2  | Bought a +6 ring of intelligence for 702 gold pieces
 53225 | Snake:2  | Identified the +0 robe of Lesser Demons {rElec Will+ Regen+
                  | Int+3}
 53559 | Snake:2  | Reached XP level 17. HP: 127/130 MP: 26/26
 53995 | Snake:1  | Lost mutation: You are robust. (+10% HP) [potion of
                  | mutation]
 53995 | Snake:1  | Lost mutation: You are weak. (Str -2) [potion of mutation]
 53995 | Snake:1  | Gained mutation: You have a pair of small antennae on your
                  | head. [potion of mutation]
 53996 | Snake:1  | Lost mutation: You have a pair of small antennae on your
                  | head. [potion of mutation]
 53996 | Snake:1  | Gained mutation: You passively map a small area around you.
                  | [potion of mutation]
 53996 | Snake:1  | Gained mutation: Your flesh is heat resistant. (rF+)
                  | [potion of mutation]
 53996 | Snake:1  | Gained mutation: You are clumsy. (Dex -2) [potion of
                  | mutation]
 54116 | Snake:3  | Learned a level 6 spell: Statue Form
 56647 | Snake:4  | Entered Level 4 of the Snake Pit
 58866 | Snake:4  | Got a serpentine rune of Zot
 58926 | Snake:4  | Reached skill level 11 in Earth Magic
 59139 | Snake:4  | Found Milic's General Store.
 59147 | Snake:4  | Bought 2 scrolls of summoning for 285 gold pieces
 59147 | Snake:4  | Bought a scroll of fear for 52 gold pieces
 59147 | Snake:4  | Bought a potion of curing for 45 gold pieces
 59147 | Snake:4  | Bought a potion of brilliance for 60 gold pieces
 59252 | Snake:4  | Found Tifelidd's Firing Range.
 59850 | Elf:1    | Entered Level 1 of the Elven Halls
 59850 | Elf:1    | Found a runed translucent gate.
 59850 | Elf:1    | Found a runed translucent gate.
 59850 | Elf:1    | Found a runed translucent gate.
 59850 | Elf:1    | Found a runed translucent gate.
 59850 | Elf:1    | Found a runed translucent gate.
 59850 | Elf:1    | Found a runed translucent gate.
 59862 | Elf:1    | Found a runed translucent door.
 59867 | Elf:1    | Reached XP level 18. HP: 126/126 MP: 27/27
 60147 | Lair:4   | Found a staircase to the Shoals.
 60227 | Shoals:1 | Entered Level 1 of the Shoals
 60349 | Shoals:1 | Noticed Nikola
 60362 | Shoals:1 | Killed Nikola
 61055 | Shoals:1 | Acquired the +2 hood of the Assassin {Detection Stab+
                  | Stlth++}
 61055 | Shoals:1 | Found the +2 hood of the Assassin {Detection Stab+ Stlth++}
 61470 | Shoals:2 | Acquired 1008 gold pieces
 61657 | Shoals:2 | Found a hazy altar of Hepliaklqana.
 63952 | Shoals:3 | HP: 8/163 [merfolk/+0 trident (17)]
 63958 | Shoals:3 | HP: 3/163 [merfolk/silver boomerang (10)]
 64560 | Shoals:4 | Entered Level 4 of the Shoals
 64811 | Vaults:1 | Entered Level 1 of the Vaults
 65059 | Vaults:1 | You fall into a shaft and drop 1 floor!
 65229 | Vaults:2 | Found a magical portal.
 65240 | WizLab   | Entered Tukima's Studio
 65646 | WizLab   | Noticed a walking crystal tome
 65812 | WizLab   | Reached XP level 19. HP: 132/132 MP: 28/28
 65896 | WizLab   | Noticed buhh's illusion
 65958 | WizLab   | Noticed buhh's illusion
 66195 | WizLab   | Noticed buhh's illusion
 66204 | WizLab   | Noticed buhh's illusion
 66446 | Vaults:2 | Reached skill level 12 in Unarmed Combat
 68417 | Shoals:4 | Identified the ring of Compulsion {rElec AC+4 Str+2 Int+2}
 68629 | Shoals:4 | Noticed Ilsuiw
 68952 | Shoals:4 | Killed Ilsuiw
 70177 | Shoals:4 | Got a barnacled rune of Zot
 70714 | Elf:1    | Found a runed translucent door.
 70725 | Elf:1    | Got Atasoemm's Grimoire of Battle Magic
 70868 | Elf:1    | Reached skill level 13 in Unarmed Combat
 70908 | Elf:1    | Noticed an Ice Fiend
 72046 | Elf:2    | Reached XP level 20. HP: 142/142 MP: 18/29
 72448 | Elf:2    | Reached skill level 15 in Dodging
 72776 | Elf:2    | Paralysed by an air elemental for 1 turns
 72781 | Elf:2    | Acquired an Inescapable Atlas
 72794 | Elf:2    | Learned a level 5 spell: Manifold Assault
 72872 | Elf:2    | Found a runed translucent gate.
 72872 | Elf:2    | Found a runed translucent gate.
 72872 | Elf:2    | Found a runed translucent gate.
 72899 | Elf:2    | Reached skill level 14 in Unarmed Combat
 73208 | Elf:2    | Noticed Jorgrun
 73217 | Elf:2    | Killed Jorgrun
 73534 | Elf:3    | Entered Level 3 of the Elven Halls
 74361 | Elf:3    | Paralysed by an air elemental for 1 turns
 74472 | Elf:3    | Found a gateway to a bazaar.
 74552 | Elf:3    | Reached skill level 15 in Fighting
 76314 | Vaults:1 | Noticed Asterion
 76320 | Vaults:1 | Killed Asterion
 76980 | Vaults:1 | Reached XP level 21. HP: 151/151 MP: 26/30
 78104 | Vaults:2 | Paralysed by a great orb of eyes for 7 turns
 78935 | Vaults:3 | Found a staircase to the Crypt.
 79053 | Vaults:3 | Noticed Jory
 79058 | Vaults:3 | Killed Jory
 79081 | Vaults:3 | Reached skill level 11 in Air Magic
 79983 | Vaults:3 | Cast into level 2 of the Abyss (a wizard)
 80374 | Abyss:2  | Paralysed by accursed screaming for 1 turns
 80499 | Abyss:2  | Noticed a bone dragon
 80508 | Abyss:2  | Killed a bone dragon
 80693 | Abyss:2  | Paralysed by accursed screaming for 1 turns
 80719 | Vaults:3 | Escaped the Abyss
 81123 | Vaults:3 | Found Wablygh's Weapon Shop.
 81387 | Vaults:4 | Noticed Xtahua
 81388 | Vaults:4 | Paralysed by Xtahua for 6 turns
 81397 | Vaults:4 | Killed Xtahua
 81397 | Vaults:4 | Cast into level 2 of the Abyss (a wizard)
 81554 | Vaults:4 | Escaped the Abyss
 81564 | Vaults:4 | Reached XP level 22. HP: 157/157 MP: 16/31
 81905 | Vaults:4 | Learned a level 7 spell: Storm Form
 82340 | Vaults:4 | Found Plog's Antique Weapon Boutique.
 82471 | Vaults:4 | Found Qotig's Assorted Antiques.
 82479 | Vaults:4 | Bought a potion of brilliance for 148 gold pieces
 82479 | Vaults:4 | Bought a potion of might for 148 gold pieces
 82485 | Vaults:4 | Found Oputeg's Distillery.
 82491 | Vaults:4 | Bought a potion of invisibility for 128 gold pieces
 82491 | Vaults:4 | Bought a potion of brilliance for 64 gold pieces
 83124 | Crypt:1  | Entered Level 1 of the Crypt
 83213 | Crypt:1  | Reached skill level 15 in Air Magic
 84145 | Crypt:1  | Reached skill level 15 in Unarmed Combat
 85200 | Crypt:2  | Reached skill level 16 in Unarmed Combat
 86167 | Crypt:3  | Entered Level 3 of the Crypt
 86505 | Crypt:3  | Reached skill level 17 in Unarmed Combat
 86969 | Crypt:3  | Reached XP level 23. HP: 162/162 MP: 32/32
 87100 | Crypt:3  | Reached skill level 18 in Unarmed Combat
 88326 | Crypt:3  | Found a staircase to the Tomb.
 88447 | Crypt:3  | Identified the ring of Due Proportion {Int+3 SInv}
 88452 | Crypt:3  | Identified the ring "Meug" {rPois Stlth+}
 88699 | Vaults:5 | Entered Level 5 of the Vaults
 88700 | Vaults:5 | Noticed a dread lich
 88704 | Vaults:5 | Killed a dread lich
 89097 | Vaults:5 | Identified the ring of Anarchy {MP+9 Str+5}
 89459 | Vaults:5 | Noticed a golden dragon
 89531 | Vaults:5 | Reached skill level 19 in Unarmed Combat
 89833 | Vaults:5 | Killed a golden dragon
 89848 | Vaults:5 | Identified the +8 chain mail of Modesty {rC- MP+9 Int+2}
 89851 | Vaults:5 | Reached XP level 24. HP: 150/169 MP: 32/32
 90925 | Vaults:5 | Identified the amulet "Ebrange" {Spirit *Slow rPois rC++
                  | Str+3}
 91317 | Vaults:5 | Got a silver rune of Zot
 91686 | Vaults:5 | Paralysed by a great orb of eyes for 6 turns
 92205 | Elf:3    | Identified the +8 morningstar of Freezing Absolution {holy,
                  | Int+5}
 92208 | Elf:3    | Identified the +3 falchion "Ecitetir" {vorpal, *Noise *Slow
                  | rF+ Str+7}
 92238 | Elf:3    | Killed from afar by a deep elf annihilator

Illustrated notes

Levels and vault maps discovered:
D:1:      psy_arrival_terrarium, layout_loops_ring,
          ebering_ecumenical_altar_webs
D:2:      layout_loops_cross, basic_altar, minivault_4, uniq_crazy_yiuf_cottage
D:3:      layout_rooms, mainiacjoe_overflow_tiny_flanked,
          chequers_serial_rivers_small_a
D:4:      layout_loops_ring, lemuel_tele_altar, st_stairs_6, uniq_robin
D:5:      layout_gridville, uniq_pikel
D:6:      layout_rooms, kennysheep_mini_moat, serial_shops,
          nicolae_shop_advertising_works [nicolae_subvault_shop_adworks], shop,
          hellmonk_ghost_happy_afterlife, hangedman_decor_slide_cut,
          minmay_microvault
D:7:      minmay_spotlight, layout_gridville, minmay_temple_entry_waves,
          eino_small_chamber_without_monster, uniq_menkaure
D:8:      layout_loops_cross, gammafunk_temple_overflow_arena
D:9:      layout_irregular_city
D:10:     layout_loops_corners, minmay_misc_feat_tower, uniq_grum, uniq_maurice
D:11:     layout_long_grid, lair_entry_dummy, david_orc_2
D:12:     layout_roguey, minivault_11, st_stairs_13
D:13:     layout_cave_pools, ximxim_vaults_locker_room, serial_shops, shop,
          shop, nicolae_shop_statue_plus, kennysheep_little_box,
          chequers_serial_rivers_micro_c, uniq_azrael, uniq_nessos
D:14:     layout_roguey, corexii_hall_statues_l, serial_aquarium,
          aquarium_bridge_square [aquarium_subvault_wall,
          aquarium_subvault_bridge, aquarium_subvault_wall,
          aquarium_subvault_wall], aquarium_window_1, aquarium_window_1,
          aquarium_view_2f, aquarium_balcony_3b, serial_shops,
          nicolae_take_the_stairs, minmay_more_statues, uniq_snorg, uniq_rupert
D:15:     grunt_enter_depths_hoard, layout_stronghold, nrook_mini_backslash,
          fiery_altar_vehumet
Temple:   dpeg_five_rooms_temple
Lair:1:   layout_cellular_growth, beast_lair_carwin_5, uniq_urug
Lair:2:   layout_loops_ring, dummy_snake_entry
Lair:3:   layout_gridlike, enter_volcano_2, gammafunk_ghost_hydra_chop
Lair:4:   nzn_winding_woodlands_large [nzn_winding_woodlands_5x5_checkerboard,
          nzn_winding_woodlands_5x15_pathside_ponds,
          nzn_winding_woodlands_5x5_cross, nzn_winding_woodlands_center_lodge,
          nzn_winding_woodlands_15x15_killbox,
          nzn_winding_woodlands_center_triple_pond,
          nzn_winding_woodlands_hourglass,
          nzn_winding_woodlands_5x15_sidewinder,
          nzn_winding_woodlands_5x5_default], layout_regular_city,
          elwin_shoals_entry_stream, serial_bayou_pond_c
Lair:5:   dragon1_lemuel, layout_cave_pods, minmay_slime_entry_pillars,
          portal_ice_cave_entry_pillars_1
Lair:6:   gammafunk_lair_ancient_temple, layout_concentric_octagons,
          serial_forest, infiniplex_forest_end_2, infiniplex_forest_clump_small,
          infiniplex_forest_lined_ring, infiniplex_forest_clump_long,
          infiniplex_forest_3_way, lemuel_fruit_tree, infiniplex_staircase_pool
Shoals:1: layout_shoals, uniq_nikola
Shoals:2: layout_shoals, lemuel_altar_in_water, nicolae_shoals_lost_giant_baths,
          nicolae_shoals_beach_house_on_fowls_legs
Shoals:3: layout_shoals, nicolae_shoals_flooded_hall
Shoals:4: shoals_end_grunt_garden, layout_shoals, shoals_ilsuiw_alternative
Snake:1:  nicolae_snake_hallway, layout_chambers, beargit_elvish_explorers,
          serial_bayou_shore_b
Snake:2:  layout_onion, serial_shops, nicolae_shop_hallway_stairs,
          grunt_megastairs_4
Snake:3:  layout_grid_shapes
Snake:4:  grunt_snake_rune_pools, layout_chambers, nicolae_shop_firing_range,
          minmay_shop_star
Orc:1:    layout_caves, serial_shops, shop, nicolae_orc_pool_cavern,
          nicolae_shop_gadgets
Orc:2:    grunt_orc_tribal_feast, layout_caves, nicolae_orc_crystal_geode
Elf:1:    nicolae_elf_arrival_dilemma, layout_loops_cross, serial_sigils,
          serial_sigils_hangedman_carve, serial_sigils_hangedman_leer,
          serial_sigils_hangedman_gnaw, serial_sigils_hangedman_etch,
          hangedman_elf_represent, drop_trap
Elf:2:    nicolae_elf_blades_splatter_lattice [mumra_blade_entry_dagger],
          layout_geoelf_octagon, uniq_jorgrun
Elf:3:    minmay_elf_hall_furrowed, layout_loops_cross, serial_shops,
          statue_bzr, minivault_19
Vaults:1: v_misc_18, grunt_vaults_hallway_long, hangedman_vaults_stream,
          ontoclasm_vaults_hangar, ontoclasm_vaults_chip,
          nicolae_vaults_little_squares_2, nicolae_vaults_little_squares_4,
          hangedman_vaults_stagger, vaults_dpeg_ring, ontoclasm_vaults_idyll,
          layout_vaults_omnigrid, uniq_asterion
Vaults:2: mu_enter_wizlab_6, ontoclasm_vaults_ligature, hangedman_vaults_maws,
          vaults_room_door_ring, nicolae_vaults_little_squares_5,
          hangedman_vaults_stitches, nicolae_vaults_little_squares_3,
          hangedman_vaults_stretched_pinwheel,
          nicolae_vaults_stairing_the_circle,
          nicolae_vaults_windows_and_doors_thing,
          ontoclasm_vaults_decontamination, vaults_mumra_hexcomb,
          nicolae_vaults_alarming, ontoclasm_vaults_idyll, vaults_dpeg_diagonal,
          layout_vaults_omnibox
Vaults:3: blue_anna_dwarven_crypt, v_alt_pattern_5, v_pattern_2,
          nicolae_vaults_little_squares_5,
          vaults_standard_mumra_enter_the_diamond, dpeg_vaults_monster_row,
          vaults_mumra_minichess_inversion, vaults_room_octagon,
          vaults_standard_mumra_lines, v_misc_15, vaults_room_hallway,
          hangedman_vaults_corner_blocks, layout_vaults_big_cross, serial_shops,
          nicolae_shop_window_shopping, uniq_jory
Vaults:4: v_alt_pattern_2, vaults_standard_mumra_enter_the_diamond,
          v_alt_pattern_2, vaults_room_corners, vaults_dpeg_doors,
          hangedman_vaults_hard_town_square, vaults_room_door_ring,
          nicolae_vaults_circle_grid_b, grunt_vaults_hallway_short, v_misc_12,
          layout_vaults_maze_snakey, uniq_xtahua
Vaults:5
Crypt:1:  layout_catacombs, wad_floor_pattern_1, skrybe_necro_troll_1,
          grunt_megastairs_3
Crypt:2:  layout_regular_city
Crypt:3:  due_elkab, layout_chaotic_city, nicolae_tomb_entry_rubble_hallway

Skill      XL: |  1  2  3  4  5  6  7  8  9 10 11 12 13 14 15 16 17 18 19 20 21 22 23 24 |
---------------+-------------------------------------------------------------------------+-----
Stealth        | 1 7 |  7.0
Fighting       | 2 3 4 5 6 7 8 9 10 11 12 13 15 | 15.0
Transmutations | 3 4 6 7 8 9 10 12 14 15 16 17 | 17.1
Ice Magic      | 2 6 7 8 |  8.7
Invocations    | 4 7 8 12 13 | 13.0
Unarmed Combat | 5 7 9 10 11 13 14 17 19 | 19.6
Dodging        | 4 7 9 10 11 13 14 15 | 15.0
Spellcasting   | 4 5 |  5.0
Evocations     | 3 4 |  4.0
Translocations | 8 10 | 10.0
Earth Magic    | 11 14 | 14.2
Throwing       | 4 |  4.0
Air Magic      | 7 14 15 16 17 | 17.1
Bows           | 1 |  1.7

Action                   |  1- 3 |  4- 6 |  7- 9 | 10-12 | 13-15 | 16-18 | 19-21 | 22-24 || total
-------------------------+-------+-------+-------+-------+-------+-------+-------+-------++-------
Melee: Unarmed           |    69 |   101 |   346 |   506 |   965 |  1035 |   819 |   612 ||  4453
       Kick              |    17 |    49 |    39 |       |       |       |       |       ||   105
       Constrict         |    16 |    29 |    27 |     2 |     4 |    89 |   116 |    19 ||   302
       Tentacles         |    11 |    29 |    35 |     3 |     3 |   146 |   195 |    53 ||   475
       Punch             |     3 |     7 |     3 |     1 |     1 |    57 |    84 |    56 ||   212
       Staff             |       |       |       |       |       |     1 |       |       ||     1
 Fire: Shortbow          |       |       |       |       |       |       |    80 |       ||    80
 Cast: Beastly Appendage |    30 |    31 |    27 |       |       |       |       |       ||    88
       Spider Form       |       |     1 |    11 |     1 |       |     1 |       |       ||    14
       Wereblood         |       |     1 |     2 |    11 |     5 |     2 |       |       ||    21
       Ice Form          |       |       |    22 |    96 |   184 |    80 |       |       ||   382
       Ozocubu's Armour  |       |       |       |       |     1 |    12 |       |       ||    13
       Blade Hands       |       |       |       |       |     4 |    11 |       |       ||    15
       Passage of Golubr |       |       |       |       |       |    13 |       |       ||    13
       Statue Form       |       |       |       |       |       |   158 |   213 |    35 ||   406
       Manifold Assault  |       |       |       |       |       |       |    43 |    84 ||   127
       Storm Form        |       |       |       |       |       |       |       |    53 ||    53
Invok: Slouch            |       |       |       |     1 |    12 |    20 |    21 |    15 ||    69
       Step From Time    |       |       |       |       |     5 |     4 |       |       ||     9
Evoke: Phantom mirror    |       |       |       |     1 |     1 |     2 |     1 |       ||     5
       Wand              |       |       |       |       |     5 |     6 |       |       ||    11
  Use: Scroll            |       |       |     6 |    18 |    21 |    23 |     7 |       ||    75
       Potion            |       |       |     2 |     6 |     4 |    20 |       |     3 ||    35
 Stab: Sleeping          |    12 |     1 |       |     2 |     2 |     7 |    16 |     4 ||    44
       Invisible         |       |       |       |     1 |       |       |       |       ||     1
       Paralysed         |       |       |       |       |     6 |     2 |       |       ||     8
       Distracted        |       |       |       |       |     1 |     1 |     5 |     4 ||    11
Armor: Skin              |     9 |       |    81 |   172 |   249 |   450 |   455 |   205 ||  1621
Dodge: Dodged            |    35 |    45 |   228 |   346 |   877 |  1430 |  1378 |   733 ||  5072
Block: Other             |       |       |       |    12 |   247 |   309 |   159 |    41 ||   768
       Reflection        |       |       |       |       |     7 |    38 |    90 |    37 ||   172
       Kite shield       |       |       |       |       |       |    70 |   437 |   131 ||   638
       Buckler           |       |       |       |       |       |       |       |   118 ||   118
